 Dungeon Crawl Stone Soup version 0.31-a0-182-gc5ef74bbde (webtiles) character file.

Game seed: 9747433220512113278

29229 qw the Blocker (level 13, -1/80 HPs)
             Began as a Gargoyle Fighter on June 21, 2023.
             Was an Elder of Okawaru.
             Slain by a lindwurm (20 damage)
             ... summoned by Kirke
             ... on level 5 of the Lair of Beasts.
             The game lasted 00:06:46 (13079 turns).

qw the Blocker (Gargoyle Fighter)                  Turns: 13079, Time: 00:06:47

Health: -1/80      AC:  0    Str: 25    XL:     13   Next: 43%
Magic:  16/17      EV: 15    Int:  9    God:    Okawaru [****..]
Gold:   742        SH:  0    Dex:  9    Spells: 12/12 levels left

rFire   . . .        Y - melded +4 war axe
rCold   . . .        l - melded +0 tower shield
rNeg    + . .        b - melded +12 crystal plate armour "Wij Kyji" {rPois rCorr}
rPois   inf          a - melded +2 helmet
rElec   .            (cloak currently unavailable)
rCorr   .            t - melded +2 pair of gloves
SInv    .            v - melded +3 pair of mountain boots {steadfast, rC+}
Will    .....        (no amulet)
Stlth   +++          p - melded +4 ring of protection
HPRegen 0.33/turn    s - melded +5 ring of evasion
MPRegen 0.15/turn

%: no passive effects
@: pig-form, heroic, slowed
A: fast, no casting, sickness immunity, AC +9, small, negative energy resistance
1, (electricity resistance), torment resistance 1, petrification resistance,
(talons 1), low MP 1
a: Renounce Religion, Heroism, Finesse


You were on level 5 of the Lair of Beasts.
You worshipped Okawaru.
Okawaru was greatly pleased with you.
You were a filthy swine.
You visited 3 branches of the dungeon, and saw 15 of its levels.

You collected 859 gold pieces.
You spent 117 gold pieces at shops.


Innate Abilities, Weirdness & Mutations

You are a filthy swine.
You move quickly.
Your equipment is almost entirely melded.
You are incapable of wielding weapons or throwing items.
You cannot cast spells.
You are immune to sickness and miasma.
((Your stone body is resilient. (AC +9)))
You are immune to poison.
You resist negative energy. (rN+)
((You are resistant to electric shocks. (rElec)))
You are resistant to unholy torment.
You are immune to petrification.
((You have sharp toenails.))
Your magical capacity is low. (-10% MP)


   Skills:
 - Level 9.0(14.0) Fighting
 - Level 12.0(17.0) Axes
 - Level 1.0(6.0) Throwing
 + Level 10.8(15.8) Armour
 - Level 1.1(6.1) Dodging
 - Level 14.2(19.2) Shields
 + Level 8.1 Invocations


You had 12 spell levels left.
You didn't know any spells.
Your spell library was empty.

Inventory:

Hand Weapons
 h - a +0 morningstar
 Y - a +4 war axe (melded)
Armour
 a - a +2 helmet (melded)
 b - the +12 crystal plate armour "Wij Kyji" (melded) {rPois rCorr}
   (You acquired it on level 6 of the Dungeon)

   rPois:     It protects you from poison.
   rCorr:     It protects you from acid and corrosion.
 l - a +0 tower shield (melded)
 t - a +2 pair of gloves (melded)
 v - the +3 pair of mountain boots (melded) {steadfast, rC+}
   (You acquired it on level 9 of the Dungeon)

   Steadfast: It prevents involuntary movement, except for blinking,
   teleportation, or banishment.
   rC:        It protects you from cold.
Jewellery
 e - an amulet of guardian spirit
 p - a +4 ring of protection (melded)
 s - a +5 ring of evasion (melded)
Scrolls
 g - a scroll of silence {unknown}
 i - 5 scrolls of identify
 m - a scroll of blinking {unknown}
 w - a scroll of enchant armour
Potions
 c - 4 potions of curing
 d - a potion of might
 f - 2 potions of haste
 j - 2 potions of mutation
 k - a potion of enlightenment
 n - a potion of lignification
 q - 2 potions of attraction

Dungeon Overview and Level Annotations

Branches:
Dungeon (9/15)             Temple (1/1) D:4            Lair (5/5) D:8
  Swamp (0/4) Lair:3        Snake (0/4) Lair:2        Slime (0/5) Lair:5
    Orc: D:9-12

Altars:
Ashenzari
Cheibriados
Dithmenos
Elyvilon
Fedhas
Gozag
Hepliaklqana
Kikubaaqudgha
Makhleb
Nemelex Xobeh
Okawaru
Qazlal
Ru
Sif Muna
Trog
Uskayaw
Vehumet
Wu Jian
Xom
Yredelemnul
Zin
The Shining One
Jiyva

Shops:
D:6 ?[

Annotations:
D:3 1 runed translucent door, Crazy Yiuf
D:5 1 runed translucent door, qw's ghost, amateur GrFi
D:7 1 runed translucent door, qw's ghost, novice GrFi
Lair:2 1 runed translucent door
Lair:5 Kirke


Message History

Okawaru accepts your kill.
You slice the hog!!
The hog is heavily wounded.
The lindwurm breathes flames at you. The blast of flame hits you!!
The hog barely misses you.
You hit the hog but do no damage.
The hog is heavily wounded.
You block the hog's attack.
You hit the hog but do no damage.
The hog is heavily wounded.
You block the hog's attack.
You hit the hog.
The hog is severely wounded.
You slice the komodo dragon!! You slash Kirke! You block the hog's attack.
You block Kirke's attack.
You barely miss the hog.
The hog is heavily wounded.
You slash the komodo dragon! You barely miss Kirke.
The komodo dragon bites you. You block the hog's attack.
You slash the komodo dragon!
The komodo dragon is almost dead.
You closely miss the hog. You hit Kirke. Kirke gestures at you while chanting.
You turn into a filthy swine.
Your +4 war axe melds into your body.
Your +2 helmet melds into your body.
Your +2 pair of gloves melds into your body.
The +3 pair of mountain boots {steadfast, rC+} melds into your body.
Your +0 tower shield melds into your body.
The +12 crystal plate armour "Wij Kyji" {rPois rCorr} melds into your body.
Your +4 ring of protection melds into your body.
Your +5 ring of evasion melds into your body.
The komodo dragon closely misses you.
You hit the komodo dragon but do no damage.
The komodo dragon is almost dead.
Kirke points at you and mumbles some strange words.
You feel yourself slow down. The komodo dragon bites you!!
You hit the komodo dragon but do no damage.
The komodo dragon is almost dead.
Kirke hits you! The lindwurm bites you!!
You die...

#..#...............##
#P.........?........#
#.......~~~~.......##
#.......~~~~~....###
.......P~~~~..###
......~~~~..##
.......~...#
..........#
.......h.##
~~....lk@#
~#...#.h..#
#~.........#
.........#.#
.....#....##
.l###....P ......#


You could see Kirke, a lindwurm (summoned), a komodo dragon and a hog.

Vanquished Creatures
  A catoblepas (Lair:3)
  3 hydras
  A centaur warrior (D:9)
  2 death yaks
  Sonja (Lair:2)
  A skyshark (Lair:5)
  Pikel (D:8)
  9 elephants
  Joseph (D:7)
  A black mamba (Lair:3)
  6 cane toads
  A rime drake (Lair:1)
  A komodo dragon (Lair:5)
  A polar bear (Lair:3)
  26 blink frogs
  3 hogs (Lair:5)
  2 wyverns
  6 basilisks
  26 yaks
  An acid dragon (D:8)
  3 nagas (Lair:2)
  13 water moccasins
  Pargi (D:4)
  7 orc warriors
  2 sky beasts
  4 black bears
  2 ice beasts
  3 ogres
  5 wolves (Lair:3)
  2 centaurs
  A phantom (D:6)
  A kobold brigand (D:8)
  12 bullfrogs
  A gnoll sergeant (D:9)
  3 scorpions
  8 wights
  8 killer bees (D:8)
  A howler monkey (D:9)
  3 jellies (D:6)
  3 hounds
  8 orc priests
  2 gnoll boudas
  Jessica (D:3)
  A sleepcap (D:5)
  4 iguanas
  5 orc wizards
  Robin (D:3)
  12 gnolls
  8 adders
  A shadow imp (D:6)
  A white imp (D:7)
  3 ufetubi
  2 worms
  A dart slug (D:2)
  35 orcs
  2 bats
  3 endoplasms
  2 giant cockroaches (D:2)
  11 goblins
  6 hobgoblins
  3 jackals (D:3)
  12 kobolds
  A quokka (D:4)
  6 ball pythons
  5 frilled lizards
  4 rats
317 creatures vanquished.

Notes
Turn   | Place    | Note
-------+----------+-------------------------------------------
     0 | D:1      | qw the Gargoyle Fighter began the quest for the Orb.
     0 | D:1      | Reached XP level 1. HP: 14/14 MP: 1/1
     0 | D:1      | 0 ||| qw: Version: 0.3-a-9-g12657ce
     0 | D:1      | 0 ||| qw: Game counter: 1649
     0 | D:1      | 0 ||| qw: Always use a shield: true
     0 | D:1      | 0 ||| qw: God list: Okawaru
     0 | D:1      | 0 ||| qw: Allow faded altars: false
     0 | D:1      | 0 ||| qw: Do Orc after D:15 true
     0 | D:1      | 0 ||| qw: Do second Lair branch before Depths: true
     0 | D:1      | 0 ||| qw: Lair rune preference: random
     0 | D:1      | 0 ||| qw: Plans: Normal, Zot:1-4, Slime:5, God:TSO, Crypt,
                  | Tomb, Abyss, Pan, Hells, Win
     0 | D:1      | 0 ||| PLANNING D:1-11
   233 | D:1      | Reached XP level 2. HP: 19/19 MP: 2/2
   670 | D:1      | 670 ||| UPGRADING to +0 helmet.
   675 | D:1      | 675 ||| READING scroll labelled VIPSUE KEAV.
   676 | D:1      | 676 ||| READING 2 scrolls labelled MONWAE MASIU.
   677 | D:1      | 677 ||| READING scroll of enchant armour.
   677 | D:1      | 677 ||| ENCHANTING +0 helmet.
   678 | D:1      | 678 ||| READING scroll labelled GURAADD ILUI.
   679 | D:1      | 679 ||| READING scroll labelled FOETUCR GACE.
   746 | D:2      | Reached skill level 3 in Axes
   873 | D:2      | Reached XP level 3. HP: 23/23 MP: 3/3
   990 | D:2      | 990 ||| Stepping ~*~*~tactically~*~*~ (hiding).
  1006 | D:2      | 1006 ||| DROPPING +0 club.
  1319 | D:2      | You fall into a shaft and drop 1 floor!
  1330 | D:3      | Noticed Jessica
  1335 | D:3      | Killed Jessica
  1336 | D:3      | Reached XP level 4. HP: 28/28 MP: 4/4
  1402 | D:3      | Found a runed translucent door.
  1403 | D:3      | Noticed Crazy Yiuf
  1465 | D:3      | 1465 ||| DRINKING 3 orange potions.
  1465 | D:3      | Gained mutation: You have sharp toenails. [potion of
                  | mutation]
  1465 | D:3      | Gained mutation: Your magical capacity is low. (-10% MP)
                  | [potion of mutation]
  1466 | D:3      | 1466 ||| DRINKING 2 metallic amethyst potions.
  1476 | D:2      | 1476 ||| Stepping ~*~*~tactically~*~*~ (stealth).
  1698 | D:2      | 1698 ||| READING scroll labelled WETHOI ZUDO.
  1699 | D:2      | 1699 ||| READING scroll labelled ZUTUTY XUCZEIL.
  1700 | D:2      | 1700 ||| READING scroll labelled ABLAXT MAVUEKH.
  1745 | D:3      | Noticed Robin
  1746 | D:3      | 1746 ||| Stepping ~*~*~tactically~*~*~ (stealth).
  1753 | D:3      | 1753 ||| Stepping ~*~*~tactically~*~*~ (stealth).
  1771 | D:3      | Killed Robin
  2026 | D:3      | Found a faded altar of an unknown god.
  2095 | D:3      | Reached XP level 5. HP: 32/32 MP: 4/4
  2135 | D:3      | Noticed an ogre
  2139 | D:3      | 2139 ||| Stepping ~*~*~tactically~*~*~ (hiding).
  2152 | D:3      | Killed an ogre
  2347 | D:3      | 2347 ||| UPGRADING to +2 helmet.
  2357 | D:3      | 2357 ||| DROPPING +1 helmet.
  2358 | D:3      | 2358 ||| UPGRADING to +0 tower shield.
  2368 | D:3      | 2368 ||| DROPPING +0 buckler.
  2369 | D:3      | 2369 ||| UPGRADING to +4 ring of protection.
  2370 | D:3      | 2370 ||| DRINKING 2 bubbling inky potions.
  2371 | D:3      | 2371 ||| READING 2 scrolls of identify.
  2371 | D:3      | 2371 ||| IDENTIFYING brown potion
  2542 | D:4      | Found a sparkling altar of Nemelex Xobeh.
  2550 | D:4      | Noticed Pargi
  2555 | D:4      | Killed Pargi
  2556 | D:4      | Reached skill level 4 in Shields
  2556 | D:4      | Reached XP level 6. HP: 37/37 MP: 5/5
  2663 | D:4      | Found a staircase to the Ecumenical Temple.
  2664 | D:4      | 2664 ||| PLANNING TEMPLE
  2664 | D:4      | 2664 ||| READING scroll labelled UMUCYN ARHOCIB.
  2673 | Temple   | Entered the Ecumenical Temple
  2688 | Temple   | 2688 ||| PLANNING D:1-11
  2966 | D:4      | 2966 ||| UPGRADING to +2 scale mail of fire resistance.
  2976 | D:4      | 2976 ||| DROPPING +0 scale mail.
  2977 | D:4      | 2977 ||| READING 2 scrolls of identify.
  2977 | D:4      | 2977 ||| IDENTIFYING blue potion
  2978 | D:4      | 2978 ||| DRINKING potion of experience.
  2978 | D:4      | Reached skill level 14 in Shields
  2978 | D:4      | Reached XP level 7. HP: 41/41 MP: 6/6
  2997 | D:5      | Entered Level 5 of the Dungeon
  3068 | D:5      | 3068 ||| Stepping ~*~*~tactically~*~*~ (hiding).
  3271 | D:5      | 3271 ||| Stepping ~*~*~tactically~*~*~ (hiding).
  3454 | D:5      | Reached XP level 8. HP: 48/48 MP: 7/7
  3468 | D:5      | Reached skill level 1 in Dodging
  3473 | D:5      | 3473 ||| FLEEEEING.
  3474 | D:5      | 3474 ||| FLEEEEING.
  3482 | D:5      | 3482 ||| FLEEEEING.
  3684 | D:5      | Noticed a wyvern
  3691 | D:5      | Killed a wyvern
  3789 | D:5      | Found a runed translucent door.
  3791 | D:5      | Noticed qw's ghost (amateur GrFi)
  3808 | D:5      | HP: 2/48 [orc priest/divine providence (16)]
  3809 | D:5      | 3809 ||| DRINKING potion of heal wounds.
  4111 | D:5      | Found a hazy altar of Hepliaklqana.
  4225 | D:5      | 4225 ||| READING scroll of enchant weapon.
  4225 | D:5      | 4225 ||| ENCHANTING +1 war axe.
  4311 | D:5      | 4311 ||| UPGRADING to amulet of guardian spirit.
  4316 | D:5      | 4316 ||| DRINKING 2 glowing emerald potions.
  4352 | D:5      | 4352 ||| READING 2 scrolls of identify.
  4352 | D:5      | 4352 ||| IDENTIFYING murky blue potion
  4353 | D:5      | 4353 ||| DROPPING potion of berserk rage.
  4396 | D:6      | Reached skill level 6 in Axes
  4445 | D:6      | 4445 ||| Stepping ~*~*~tactically~*~*~ (hiding).
  4448 | D:6      | 4448 ||| Stepping ~*~*~tactically~*~*~ (hiding).
  4460 | D:6      | HP: 12/48 [iguana (7)]
  4461 | D:6      | 4461 ||| DRINKING potion of heal wounds.
  4545 | D:6      | Found an opulent altar of Gozag.
  4545 | D:6      | Found a broken altar of Ashenzari.
  4546 | D:6      | 4546 ||| Stepping ~*~*~tactically~*~*~ (stealth).
  4550 | D:6      | Reached XP level 9. HP: 52/52 MP: 8/8
  4675 | D:6      | Found Hiadwixko's Magic Scroll Emporium.
  4683 | D:6      | 4683 ||| SHOPLISTING 3 scrolls of enchant weapon (292 gold,
                  | have 268).
  4683 | D:6      | 4683 ||| BUYING scroll of identify (26 gold).
  4683 | D:6      | Bought a scroll of identify for 26 gold pieces
  4683 | D:6      | 4683 ||| BUYING scroll of identify (26 gold).
  4683 | D:6      | Bought a scroll of identify for 26 gold pieces
  4683 | D:6      | 4683 ||| BUYING scroll of identify (26 gold).
  4683 | D:6      | Bought a scroll of identify for 26 gold pieces
  4683 | D:6      | 4683 ||| BUYING scroll of teleportation (39 gold).
  4683 | D:6      | Bought a scroll of teleportation for 39 gold pieces
  4744 | D:6      | Found Calu Bast's Antique Armour Emporium.
  4809 | D:6      | 4809 ||| SHOPLISTING dazzling hat (234 gold, have 151).
  4809 | D:6      | 4809 ||| SHOPLISTING jewelled plate armour (728 gold, have
                  | 151).
  4821 | D:6      | 4821 ||| Stepping ~*~*~tactically~*~*~ (stealth).
  4867 | D:6      | 4867 ||| Stepping ~*~*~tactically~*~*~ (hiding).
  5089 | D:6      | 5089 ||| READING scroll of enchant weapon.
  5089 | D:6      | 5089 ||| ENCHANTING +2 war axe.
  5117 | D:6      | Reached skill level 1 in Throwing
  5211 | D:6      | Found a shadowy altar of Dithmenos.
  5340 | D:6      | 5340 ||| DROPPING +0 chain mail.
  5341 | D:6      | 5341 ||| UPGRADING to +0 plate armour.
  5351 | D:6      | 5351 ||| DROPPING +2 helmet.
  5352 | D:6      | 5352 ||| READING scroll of enchant armour.
  5352 | D:6      | 5352 ||| ENCHANTING +0 plate armour.
  5353 | D:6      | 5353 ||| DROPPING +2 scale mail of fire resistance.
  5354 | D:6      | 5354 ||| READING scroll labelled CUDIEZASUS.
  5354 | D:6      | Identified a scroll of acquirement
  5354 | D:6      | 5354 ||| ACQUIRING +12 crystal plate armour "Wij Kyji"
                  | {rPois rCorr}
  5354 | D:6      | Acquired the +12 crystal plate armour "Wij Kyji" {rPois
                  | rCorr}
  5356 | D:6      | 5356 ||| UPGRADING to +12 crystal plate armour "Wij Kyji"
                  | {rPois rCorr}.
  5366 | D:6      | 5366 ||| DROPPING +1 plate armour.
  5367 | D:6      | 5367 ||| READING scroll labelled KUUTAN FY BIOF.
  5368 | D:6      | 5368 ||| READING 6 scrolls of identify.
  5368 | D:6      | 5368 ||| IDENTIFYING sapphire potion
  5369 | D:6      | 5369 ||| READING 5 scrolls of identify.
  5369 | D:6      | 5369 ||| IDENTIFYING pink potion
  5370 | D:6      | 5370 ||| DROPPING potion of degeneration.
  5403 | D:7      | Noticed Joseph
  5404 | D:7      | 5404 ||| Stepping ~*~*~tactically~*~*~ (hiding).
  5425 | D:7      | Killed Joseph
  5645 | D:7      | 5645 ||| Stepping ~*~*~tactically~*~*~ (stealth).
  5735 | D:7      | 5735 ||| Stepping ~*~*~tactically~*~*~ (stealth).
  5745 | D:7      | Reached skill level 6 in Armour
  5745 | D:7      | Reached XP level 10. HP: 59/59 MP: 9/9
  5785 | D:7      | Found a runed translucent door.
  5786 | D:7      | Found a shimmering altar of Xom.
  5786 | D:7      | Noticed qw's ghost (novice GrFi)
  5786 | D:7      | Noticed a +0 spear of chaos
  5829 | D:7      | Found a glowing silver altar of Zin.
  5884 | D:7      | 5884 ||| Stepping ~*~*~tactically~*~*~ (hiding).
  5988 | D:7      | Found a shimmering altar of Xom.
  6006 | D:7      | Found a radiant altar of Vehumet.
  6278 | D:7      | 6278 ||| UPGRADING to +0 pair of boots.
  6283 | D:7      | 6283 ||| READING 4 scrolls of identify.
  6283 | D:7      | 6283 ||| IDENTIFYING puce potion
  6401 | D:8      | 6401 ||| Stepping ~*~*~tactically~*~*~ (hiding).
  6402 | D:8      | 6402 ||| Stepping ~*~*~tactically~*~*~ (hiding).
  6427 | D:8      | 6427 ||| Stepping ~*~*~tactically~*~*~ (stealth).
  6429 | D:8      | 6429 ||| Stepping ~*~*~tactically~*~*~ (hiding).
  6432 | D:8      | 6432 ||| DRINKING potion of curing.
  6432 | D:8      | 6432 ||| (to cure confusion)
  6478 | D:8      | Found a staircase to the Lair.
  6489 | D:8      | 6489 ||| Stepping ~*~*~tactically~*~*~ (hiding).
  6490 | D:8      | 6490 ||| Stepping ~*~*~tactically~*~*~ (hiding).
  6492 | D:8      | 6492 ||| Stepping ~*~*~tactically~*~*~ (hiding).
  6835 | D:8      | 6835 ||| Stepping ~*~*~tactically~*~*~ (hiding).
  6836 | D:8      | 6836 ||| Stepping ~*~*~tactically~*~*~ (hiding).
  6838 | D:8      | Noticed Pikel
  6848 | D:8      | Killed Pikel
  6891 | D:8      | 6891 ||| READING scroll of enchant armour.
  6891 | D:8      | 6891 ||| ENCHANTING +0 pair of boots.
  6991 | D:8      | 6991 ||| Stepping ~*~*~tactically~*~*~ (stealth).
  7291 | D:8      | 7291 ||| UPGRADING to +5 ring of evasion.
  7292 | D:8      | 7292 ||| READING scroll labelled ULUEKUMPAC.
  7293 | D:8      | 7293 ||| READING 3 scrolls of identify.
  7293 | D:8      | 7293 ||| IDENTIFYING fizzy cyan potion
  7418 | D:9      | Found a white marble altar of Elyvilon.
  7474 | D:9      | 7474 ||| Stepping ~*~*~tactically~*~*~ (stealth).
  7476 | D:9      | 7476 ||| Stepping ~*~*~tactically~*~*~ (stealth).
  7480 | D:9      | 7480 ||| Stepping ~*~*~tactically~*~*~ (stealth).
  7513 | D:9      | Reached skill level 6 in Fighting
  7594 | D:9      | 7594 ||| READING scroll of acquirement.
  7594 | D:9      | 7594 ||| ACQUIRING +3 pair of mountain boots {steadfast,
                  | rC+}
  7594 | D:9      | Acquired the +3 pair of mountain boots {steadfast, rC+}
  7594 | D:9      | Found the +3 pair of mountain boots {steadfast, rC+}
  7596 | D:9      | 7596 ||| UPGRADING to +3 pair of mountain boots {steadfast,
                  | rC+}.
  7606 | D:9      | 7606 ||| DROPPING +1 pair of boots.
  7661 | D:9      | Noticed a centaur warrior
  7662 | D:9      | 7662 ||| Stepping ~*~*~tactically~*~*~ (hiding).
  7674 | D:9      | Killed a centaur warrior
  7786 | D:9      | Reached XP level 11. HP: 50/64 MP: 7/9
  8162 | D:9      | Found an iron altar of Okawaru.
  8163 | D:9      | 8163 ||| PLANNING OKAWARU WORSHIP
  8163 | D:9      | 8163 ||| DROPPING amulet of magic regeneration.
  8164 | D:9      | 8164 ||| READING scroll labelled ROCEASYEBAT.
  8173 | D:9      | Became a worshipper of Warmaster Okawaru
  8174 | D:9      | 8174 ||| PLANNING D:1-11
  8174 | D:9      | 8174 ||| REMOVING amulet of guardian spirit.
  8308 | D:9      | 8308 ||| PLANNING LAIR
  8379 | Lair:1   | Entered Level 1 of the Lair of Beasts
  8402 | Lair:1   | Reached skill level 9 in Axes
  8417 | Lair:1   | HP: 12/64 [blink frog (8)]
  8418 | Lair:1   | 8418 ||| READING scroll of teleportation.
  8419 | Lair:1   | 8419 ||| DRINKING potion of heal wounds.
  8655 | Lair:1   | Reached * piety under Okawaru
  8717 | Lair:1   | 8717 ||| Stepping ~*~*~tactically~*~*~ (stealth).
  8727 | Lair:1   | Reached skill level 1 in Invocations
  8890 | Lair:1   | 8890 ||| INVOKING Heroism.
  8908 | Lair:1   | 8908 ||| INVOKING Heroism.
  8943 | Lair:1   | 8943 ||| INVOKING Heroism.
  8951 | Lair:1   | Reached skill level 3 in Invocations
  8964 | Lair:1   | 8964 ||| INVOKING Heroism.
  9000 | Lair:1   | 9000 ||| Stepping ~*~*~tactically~*~*~ (stealth).
  9001 | Lair:1   | 9001 ||| Stepping ~*~*~tactically~*~*~ (stealth).
  9002 | Lair:1   | 9002 ||| Stepping ~*~*~tactically~*~*~ (stealth).
  9004 | Lair:1   | 9004 ||| INVOKING Heroism.
  9027 | Lair:1   | Reached ** piety under Okawaru
  9032 | Lair:1   | 9032 ||| INVOKING Heroism.
  9101 | Lair:1   | 9101 ||| READING scroll of enchant weapon.
  9101 | Lair:1   | 9101 ||| ENCHANTING +3 war axe.
  9445 | Lair:2   | Noticed Sonja
  9446 | Lair:2   | 9446 ||| Stepping ~*~*~tactically~*~*~ (hiding).
  9458 | Lair:2   | 9458 ||| Stepping ~*~*~tactically~*~*~ (hiding).
  9484 | Lair:2   | 9484 ||| Stepping ~*~*~tactically~*~*~ (water).
  9488 | Lair:2   | 9488 ||| INVOKING Heroism.
  9496 | Lair:2   | Killed Sonja
  9585 | Lair:2   | Reached skill level 9 in Armour
  9607 | Lair:2   | 9607 ||| Stepping ~*~*~tactically~*~*~ (hiding).
  9608 | Lair:2   | 9608 ||| Stepping ~*~*~tactically~*~*~ (hiding).
  9609 | Lair:2   | 9609 ||| INVOKING Heroism.
  9610 | Lair:2   | 9610 ||| Stepping ~*~*~tactically~*~*~ (hiding).
  9620 | Lair:2   | Reached XP level 12. HP: 61/72 MP: 11/13
  9640 | Lair:2   | 9640 ||| Stepping ~*~*~tactically~*~*~ (stealth).
  9654 | Lair:2   | Found a staircase to the Snake Pit.
  9656 | Lair:2   | 9656 ||| Stepping ~*~*~tactically~*~*~ (stealth).
  9714 | Lair:2   | Found a runed translucent door.
  9759 | Lair:2   | Noticed a six-headed hydra
  9760 | Lair:2   | 9760 ||| INVOKING Heroism.
  9762 | Lair:2   | 9762 ||| SWAPPING to +0 morningstar.
  9770 | Lair:2   | Killed a six-headed hydra
  9771 | Lair:2   | 9771 ||| SWAPPING to +4 war axe.
  9979 | Lair:2   | Reached *** piety under Okawaru
 10332 | Lair:2   | 10332 ||| DROPPING ring of positive energy.
 10382 | Lair:3   | 10382 ||| INVOKING Heroism.
 10429 | Lair:3   | Found a staircase to the Swamp.
 10441 | Lair:3   | 10441 ||| Stepping ~*~*~tactically~*~*~ (stealth).
 10446 | Lair:3   | 10446 ||| Stepping ~*~*~tactically~*~*~ (stealth).
 10485 | Lair:3   | 10485 ||| INVOKING Heroism.
 10622 | Lair:3   | 10622 ||| Stepping ~*~*~tactically~*~*~ (stealth).
 10651 | Lair:3   | Noticed a catoblepas
 10652 | Lair:3   | 10652 ||| INVOKING Heroism.
 10663 | Lair:3   | Killed a catoblepas
 10899 | Lair:3   | Reached **** piety under Okawaru
 10947 | Lair:3   | 10947 ||| INVOKING Heroism.
 10970 | Lair:3   | 10970 ||| INVOKING Heroism.
 11116 | Lair:3   | 11116 ||| Stepping ~*~*~tactically~*~*~ (stealth).
 11117 | Lair:3   | 11117 ||| Stepping ~*~*~tactically~*~*~ (stealth).
 11214 | Lair:3   | 11214 ||| Stepping ~*~*~tactically~*~*~ (stealth).
 11219 | Lair:3   | Reached skill level 9 in Fighting
 11333 | Lair:3   | 11333 ||| Stepping ~*~*~tactically~*~*~ (stealth).
 11335 | Lair:3   | 11335 ||| INVOKING Heroism.
 11343 | Lair:3   | 11343 ||| Stepping ~*~*~tactically~*~*~ (stealth).
 11364 | Lair:3   | 11364 ||| INVOKING Heroism.
 11586 | Lair:3   | 11586 ||| UPGRADING to +0 pair of gloves.
 11591 | Lair:3   | 11591 ||| READING 3 scrolls of enchant armour.
 11591 | Lair:3   | 11591 ||| ENCHANTING +0 pair of gloves.
 11592 | Lair:3   | 11592 ||| READING 2 scrolls of enchant armour.
 11592 | Lair:3   | 11592 ||| ENCHANTING +1 pair of gloves.
 11593 | Lair:3   | 11593 ||| DROPPING ring of willpower.
 11594 | Lair:3   | 11594 ||| READING scroll labelled UDACON REWIT.
 11624 | Lair:4   | 11624 ||| INVOKING Heroism.
 11720 | Lair:4   | 11720 ||| INVOKING Heroism.
 11750 | Lair:4   | 11750 ||| Stepping ~*~*~tactically~*~*~ (stealth).
 11758 | Lair:4   | Reached skill level 6 in Invocations
 11773 | Lair:4   | Reached XP level 13. HP: 80/80 MP: 15/15
 11919 | Lair:4   | Identified the +6 arbalest of the Smoking Messenger {heavy,
                  | *Slow rPois Str+3}
 12019 | Lair:4   | 12019 ||| INVOKING Heroism.
 12047 | Lair:4   | 12047 ||| INVOKING Heroism.
 12120 | Lair:4   | 12120 ||| INVOKING Heroism.
 12124 | Lair:4   | 12124 ||| SWAPPING to +0 morningstar.
 12133 | Lair:4   | Reached skill level 12 in Axes
 12133 | Lair:4   | 12133 ||| SWAPPING to +4 war axe.
 12432 | Lair:4   | 12432 ||| READING scroll labelled MIVE LOZEITIMNE.
 12481 | Lair:4   | 12481 ||| READING 6 scrolls of identify.
 12481 | Lair:4   | 12481 ||| IDENTIFYING viscous clear potion
 12482 | Lair:4   | 12482 ||| DROPPING potion of invisibility.
 12511 | Lair:5   | Entered Level 5 of the Lair of Beasts
 12511 | Lair:5   | Found a viscous altar of Jiyva.
 12511 | Lair:5   | Found a staircase to the Slime Pits.
 12512 | Lair:5   | 12512 ||| INVOKING Heroism.
 12522 | Lair:5   | 12522 ||| STAIRDANCE
 12525 | Lair:4   | HP: 19/80 [death yak (14)]
 12526 | Lair:4   | 12526 ||| READING scroll of teleportation.
 12768 | Lair:5   | 12768 ||| INVOKING Heroism.
 12941 | Lair:5   | 12941 ||| INVOKING Heroism.
 12945 | Lair:5   | 12945 ||| SWAPPING to +0 morningstar.
 12961 | Lair:5   | 12961 ||| SWAPPING to +4 war axe.
 13062 | Lair:5   | 13062 ||| Stepping ~*~*~tactically~*~*~ (stealth).
 13064 | Lair:5   | Noticed Kirke
 13065 | Lair:5   | 13065 ||| INVOKING Heroism.
 13069 | Lair:5   | 13069 ||| DRINKING potion of cancellation.
 13079 | Lair:5   | HP: 19/80 [Kirke (8)]
 13079 | Lair:5   | Slain by a lindwurm

Levels and vault maps discovered:
D:1:      dpeg_arrival_lava_temple_mockup, layout_loops_ring
D:2:      minmay_general_purpose_star, layout_basic, minivault_26
D:3:      layout_basic, shapermc_ecumenical_altar_petra,
          uniq_crazy_yiuf_cottage, uniq_robin, uniq_jessica
D:4:      layout_loops_ring, mainiacjoe_overflow_small_starburst,
          minmay_temple_entry_mini_moons, uniq_pargi
D:5:      minmay_diamond_boxcup, layout_basic, nzn_hepliaklqana_mist_gate,
          gammafunk_ghost_grave
D:6:      layout_basic, mainiacjoe_overflow_alcove_1,
          mainiacjoe_overflow_large_starburst, serial_shops, shop,
          nicolae_diamond_shop, hangedman_decor_slide_cut,
          minmay_fractal_squares_5
D:7:      minmay_skewed_foursquare, layout_loops_ring, marbit_many_paths,
          mainiacjoe_overflow_tiny_flanked, nicolae_overflow_crystal_walls,
          ebering_ghost_xom, kennysheep_generic_room_4, uniq_joseph
D:8:      layout_basic, dpeg_oklobed_lair, uniq_pikel
D:9:      layout_cave_pods, lemuel_round_altar,
          mainiacjoe_overflow_cross_hatched
Temple:   hellmonk_temple_two_chambers
Lair:1:   layout_long_grid, st_stairs_12, grunt_megastairs_2
Lair:2:   gammafunk_indiana_jones, layout_concentric_octagons,
          minmay_snake_entry_guardpost_small, serial_bayou_crossing, uniq_sonja
Lair:3:   layout_cave_pods, swamp_mist
Lair:4:   layout_hall_layers
Lair:5:   cheibrodos_lair_end_hotspot, layout_gridlike, slime_entry_1,
          uniq_kirke

Skill      XL: |  1  2  3  4  5  6  7  8  9 10 11 12 13 |
---------------+----------------------------------------+-----
Axes           | 2 3 4 5 6 7 8 10 11 12 | 12.0
Shields        | 4 14 | 14.2
Fighting       | 4 5 6 7 9 |  9.0
Dodging        | 1 |  1.1
Throwing       | 1 |  1.0
Armour         | 6 7 9 10 | 10.8
Invocations    | 4 6 8 |  8.1

Action                     |  1- 3 |  4- 6 |  7- 9 | 10-12 | 13-15 || total
---------------------------+-------+-------+-------+-------+-------++-------
  Melee: War axe           |    80 |    59 |   298 |   683 |   111 ||  1231
         Kick              |       |    12 |    72 |    13 |       ||    97
         Morningstar       |       |       |       |     8 |    23 ||    31
         Unarmed           |       |       |       |       |     2 ||     2
  Throw: Boomerang         |    34 |    29 |    43 |   100 |       ||   206
 Invoke: Heroism           |       |       |       |    18 |     7 ||    25
    Use: Scroll            |     5 |     6 |     8 |    11 |     3 ||    33
         Potion            |       |     4 |     3 |     2 |     1 ||    10
   Stab: Petrified         |       |       |       |     4 |       ||     4
 Armour: Scale mail        |    39 |    26 |   102 |       |       ||   167
         Crystal plate arm |       |       |    37 |   418 |   148 ||   603
  Dodge: Dodged            |    38 |    21 |    64 |   162 |    81 ||   366
  Block: Buckler           |    14 |    10 |       |       |       ||    24
         Tower shield      |       |    11 |   289 |   673 |   172 ||  1145

Table legend:
 A = Non-vault XP
 B = Vault XP
 C = Vault XP percentage of total XP
 D = Non-vault monster count
 E = Vault monster count
 F = Vault count percentage of total count
                 A         B        C        D         E       F
            +---------+---------+-------+---------+---------+-------
      Total |   34833 |    6499 |  15.7 |     257 |      60 |  18.9
            +---------+---------+-------+---------+---------+-------
        D:1 |      16 |       0 |   0.0 |      11 |       0 |   0.0
        D:2 |      54 |       9 |  14.3 |      16 |       5 |  23.8
        D:3 |     134 |      74 |  35.6 |       9 |      13 |  59.1
        D:4 |      24 |     141 |  85.5 |       5 |       1 |  16.7
        D:5 |     715 |     156 |  17.9 |      17 |       8 |  32.0
        D:6 |    1342 |     308 |  18.7 |      34 |       6 |  15.0
        D:7 |     834 |    1116 |  57.2 |      13 |       9 |  40.9
        D:8 |    1497 |     617 |  29.2 |      26 |       1 |   3.7
        D:9 |    2216 |       0 |   0.0 |      27 |       0 |   0.0
     Lair:1 |    4789 |    2210 |  31.6 |      21 |      10 |  32.3
     Lair:2 |    2552 |    1273 |  33.3 |      12 |       4 |  25.0
     Lair:3 |    9325 |       0 |   0.0 |      34 |       0 |   0.0
     Lair:4 |    6783 |       0 |   0.0 |      20 |       0 |   0.0
     Lair:5 |    4552 |     595 |  11.6 |      12 |       3 |  20.0
            +---------+---------+-------+---------+---------+-------
